 Dungeon Crawl Stone Soup version 0.31-a0-200-gbc41564c69 (webtiles) character file.

Game seed: 6345400364211287095

16 qw the Shooter (level 2, -7/16 HPs)
             Began as a Deep Elf Hunter on June 25, 2023.
             Mangled by a gnoll
             ... wielding a +0 flail
              (12 damage)
             ... on level 1 of the Dungeon.
             The game lasted 00:00:05 (188 turns).

qw the Shooter (Deep Elf Hunter)                     Turns: 188, Time: 00:00:06

Health: -7/16      AC:  3    Str:  8    XL:     2   Next: 37%
Magic:  4/4        EV: 12    Int: 13    God:
Gold:   4          SH:  0    Dex: 18    Spells: 1/1 levels left

rFire   . . .        a - +0 shortbow
rCold   . . .        (shield currently unavailable)
rNeg    . . .        c - +0 leather armour
rPois   .            (no helmet)
rElec   .            (no cloak)
rCorr   .            (no gloves)
SInv    .            (no boots)
Will    .....        (no amulet)
Stlth   ++           (no ring)
HPRegen 0.22/turn    (no ring)
MPRegen 0.09/turn

%: no passive effects
@: no status effects
A: no striking features
a: no special abilities


You were on level 1 of the Dungeon.
You visited 1 branch of the dungeon, and saw 1 of its levels.

You collected 4 gold pieces.


   Skills:
 - Level 1.5 Fighting
 + Level 6.2 Ranged Weapons
 - Level 2.4 Dodging
 - Level 1.2 Stealth


You had one spell level left.
You didn't know any spells.
Your spell library was empty.

Inventory:

Hand Weapons
 a - a +0 shortbow (weapon)
Armour
 c - a +0 leather armour (worn)
 e - a +0 scale mail
Scrolls
 b - a scroll of butterflies
 f - a scroll of noise {unknown}
 g - a scroll of teleportation {unknown}
Potions
 d - a potion of ambrosia {unknown}

Dungeon Overview and Level Annotations

Branches:
Dungeon (1/15)

Altars:


Message History

The hobgoblin is almost dead.
You shoot an arrow. The arrow hits the hobgoblin!
You kill the hobgoblin!
A frilled lizard comes into view.
You see here a scroll labelled ASAJIA XIUVEYCA.
Enter note:
Enter note:
Enter note: You shoot an arrow.
The arrow hits the frilled lizard!
You kill the frilled lizard!
g - a scroll labelled ASAJIA XIUVEYCA A hobgoblin and a kobold come into view.
The kobold is wielding a +2 short sword of speed.
Found a stone staircase leading down.
The hobgoblin shouts!
You hear a shout!
The kobold shouts!
You hear a shout!
You shoot an arrow. The arrow hits the hobgoblin.
The hobgoblin is severely wounded.
A ball python comes into view.
The ball python moves out of view.
You shoot an arrow. The arrow hits the hobgoblin.
You kill the hobgoblin!
You shoot an arrow. The arrow hits the ball python.
The ball python is heavily wounded.
A gnoll comes into view. It is wielding a +0 flail.
A kobold comes into view. It is wielding a +0 dagger.
You shoot an arrow. The arrow hits the ball python!
You kill the ball python!
You shoot an arrow. The arrow hits the kobold.
You kill the kobold!
You shoot an arrow.
The arrow hits the gnoll but does no damage.
You shoot an arrow. The arrow hits the gnoll.
The gnoll is lightly wounded.
The gnoll hits you with a +0 flail!
Ouch! That really hurt!
You shoot an arrow. The arrow hits the gnoll.
The gnoll is moderately wounded.
The gnoll hits you with a +0 flail!
Ouch! That really hurt!
You die...

.###...#.....##
. ...#..###...#
...##.##.####.#
#..#.8
.##...#### .. #
.# ##.##...# ..
.#. #. #...# .
. #.##...#
#......#
#.##..@# ..
#.#g# ## #.#K#
##... #.. ....
#..% ...>.


You could see a gnoll and a kobold.

Vanquished Creatures
  A dart slug (D:1)
  2 ball pythons (D:1)
  An endoplasm (D:1)
  2 goblins (D:1)
  2 hobgoblins (D:1)
  A frilled lizard (D:1)
  2 kobolds (D:1)
  2 rats (D:1)
13 creatures vanquished.

Notes
Turn   | Place    | Note
-------+----------+-------------------------------------------
     0 | D:1      | qw the Deep Elf Hunter began the quest for the Orb.
     0 | D:1      | Reached XP level 1. HP: 12/12 MP: 3/3
     0 | D:1      | 0 ||| qw: Version: 0.3-a-22-g0ed2b0b
     0 | D:1      | 0 ||| qw: Game counter: 5529
     0 | D:1      | 0 ||| qw: Melee chars always use a shield: true
     0 | D:1      | 0 ||| qw: God list: Okawaru
     0 | D:1      | 0 ||| qw: Allow faded altars: false
     0 | D:1      | 0 ||| qw: Do Orc after clearing Dungeon:15 true
     0 | D:1      | 0 ||| qw: Do second Lair branch before Depths: true
     0 | D:1      | 0 ||| qw: Lair rune preference: random
     0 | D:1      | 0 ||| qw: Goals: Normal
     0 | D:1      | 0 ||| PLANNING D:1-11
    91 | D:1      | Reached XP level 2. HP: 16/16 MP: 4/4
   137 | D:1      | Found a faded altar of an unknown god.
   140 | D:1      | Reached skill level 6 in Ranged Weapons
   188 | D:1      | Mangled by a gnoll

Levels and vault maps discovered:
D:1:      minmay_arrival_open_corners, layout_basic,
          nicolae_ecumenical_snake_handling, wad_floor_pattern_1,
          grunt_decor_one_mirror, st_stairs_4, nicolae_kite_square_tiling_tiny,
          minmay_curled_crystal, minmay_tromino_v4_b

Skill      XL: |  1  2 |
---------------+-------+-----
Ranged Weapons | 6 |  6.2
Fighting       | |  1.5
Dodging        | |  2.4
Stealth        | |  1.2

Action                     || total
---------------------------++-------
   Fire: Shortbow          ||    27

Table legend:
 A = Non-vault XP
 B = Vault XP
 C = Vault XP percentage of total XP
 D = Non-vault monster count
 E = Vault monster count
 F = Vault count percentage of total count
                 A         B        C        D         E       F
            +---------+---------+-------+---------+---------+-------
      Total |      14 |       9 |  39.1 |       8 |       5 |  38.5
            +---------+---------+-------+---------+---------+-------
        D:1 |      14 |       9 |  39.1 |       8 |       5 |  38.5
            +---------+---------+-------+---------+---------+-------
